 Dungeon Crawl Stone Soup version 0.26.1-11-gd32895ea62 (webtiles) character file.

Game seed: 4218986604688958951

235 tizbic2 the Ducker (level 6, 0/37 HPs)
             Began as a Kobold Gladiator on June 26, 2021.
             Was a Follower of Wu Jian.
             Slain by a gnoll shaman
             ... wielding a cursed +0 club
              (3 damage)
             ... on level 3 of the Dungeon.
             The game lasted 00:16:39 (2580 turns).

tizbic2 the Ducker (Kobold Gladiator)               Turns: 2580, Time: 00:16:39

Health: 0/37       AC: 13    Str: 13    XL:     6   Next: 26%
Magic:  6/6        EV: 10    Int: 10    God:    Wu Jian [*.....]
Gold:   83         SH:  0    Dex: 22    Spells: 5/5 levels left

rFire    + . .     SeeInvis .   a - +0 long sword
rCold    x . .     Faith    .   (shield restricted)
rNeg     . . .     Spirit   .   x - +4 chain mail
rPois    .         Reflect  .   c - +0 helmet
rElec    .         Harm     .   (no cloak)
rCorr    .         Rampage  .   (no gloves)
Will     .....                  (no boots)
Stlth    ..........             (no amulet)
HPRegen  0.12/turn              o - ring of fire
MPRegen  0.10/turn              f - +6 ring of dexterity (curse)

@: about to teleport, glowing
A: small, nightstalker 3
a: Renounce Religion


You were on level 3 of the Dungeon.
You worshipped Wu Jian.
Wu Jian was aware of your devotion.
You visited 1 branch of the dungeon, and saw 3 of its levels.

You collected 83 gold pieces.

Inventory:

Hand Weapons
 a - a +0 long sword (weapon)
Missiles
 d - 3 throwing nets
 i - 56 stones
 m - 2 boomerangs (quivered)
 u - 46 arrows
Armour
 c - a +0 helmet (worn)
 x - a +4 chain mail (worn)
Jewellery
 f - a cursed +6 ring of dexterity (right hand)
 o - a ring of fire (left hand)
Scrolls
 q - a scroll of amnesia
Potions
 b - a potion of curing {unknown}
 g - a potion of flight {unknown}
 h - 2 potions of might {unknown}
 k - a potion of lignification
 n - a potion of brilliance {unknown}
 p - a potion of degeneration {unknown}
 r - a potion of heal wounds


   Skills:
 + Level 3.0 Fighting
 * Level 4.2 Long Blades
 - Level 2.3 Throwing
 * Level 5.4 Dodging
 - Level 0.1 Stealth


You had 5 spell levels left.
You didn't know any spells.
Your spell library was empty.

Dungeon Overview and Level Annotations

Branches:
Dungeon (3/15)

Altars:
Fedhas
Hepliaklqana
Wu Jian


Innate Abilities, Weirdness & Mutations

You are small and have problems with some larger weapons.
You are completely attuned to the shadows.


Message History

You feel stronger.
You see here a +0 giant club.
You closely miss the gnoll shaman.
The gnoll shaman hits you but does no damage.
You closely miss the gnoll shaman. The gnoll hits you but does no damage.
The gnoll shaman hits you with a cursed +0 club.
The gnoll shaman calls upon its god to speed up the gnoll.
The gnoll seems to speed up.
You lunge at the gnoll shaman.
You barely miss the gnoll shaman.
The gnoll hits you from afar with a +0 halberd!
* * * LOW HITPOINT WARNING * * *
The gnoll shaman barely misses you.
You riposte.
You closely miss the gnoll shaman.
You see here a +0 giant club.
As you read the scroll of teleportation, it crumbles to dust.
You feel strangely unstable.
The gnoll hits you from afar with a +0 halberd.
* * * LOW HITPOINT WARNING * * *
The gnoll shaman hits you with a cursed +0 club.
You die...

###.................# #.#
#...#...............# #.#
#.######............# #.#
#...................# #.#
.....##.#..#################.#
####.##.#..# #...g....# #
#....#..# #.######.#
#########..##########.# #.#
................@gggg.# #g##
.###########################gg###
.# #......................)(.....
.# #....≈≈≈≈≈≈≈≈≈≈≈≈≈≈≈≈≈≈≈(...≈≈
.# #....≈≈≈≈≈≈≈≈≈≈≈≈≈≈≈≈≈≈≈....≈≈
.# #....≈≈#####≈≈≈≈≈≈≈≈≈≈≈≈....≈≈
.# #....≈≈#.gg#...........(......
.# #....≈≈# #########('''## .#
#....≈≈### #...)...#....#


You could see a gnoll shaman and 3 gnolls.

Vanquished Creatures
  An ogre (D:3)
  Terence (D:1)
  6 gnolls (D:3)
  An adder (D:2)
  2 worms (D:2)
  2 dart slugs (D:2)
  A leopard gecko (D:1)
  An orc (D:3)
  3 ball pythons
  2 bats (D:1)
  2 giant cockroaches
  2 goblins
  5 hobgoblins
  12 jackals (D:3)
  5 kobolds
  4 rats
50 creatures vanquished.

Vanquished Creatures (others)
  2 plants (D:3)
2 creatures vanquished.

Grand Total: 52 creatures vanquished

Notes
Turn   | Place    | Note
-------+----------+-------------------------------------------
     0 | D:1      | tizbic2 the Kobold Gladiator began the quest for the Orb.
     0 | D:1      | Reached XP level 1. HP: 12/12 MP: 1/1
   308 | D:1      | Reached skill level 4 in Dodging
   320 | D:1      | Reached XP level 2. HP: 17/17 MP: 2/2
   829 | D:2      | Reached XP level 3. HP: 21/21 MP: 3/3
   922 | D:2      | Found a blossoming altar of Fedhas.
  1200 | D:2      | Noticed Terence
  1253 | D:1      | Killed Terence
  1254 | D:1      | Reached skill level 5 in Dodging
  1254 | D:1      | Reached XP level 4. HP: 27/27 MP: 4/4
  1446 | D:2      | Found a faded altar of an unknown god.
  1455 | D:2      | Became a worshipper of the Wu Jian Council
  1455 | D:2      | Reached * piety under Wu Jian
  1821 | D:2      | Found a hazy altar of Hepliaklqana.
  2257 | D:3      | Reached XP level 5. HP: 28/31 MP: 5/5
  2529 | D:3      | Noticed an ogre
  2574 | D:3      | Killed an ogre
  2575 | D:3      | Reached XP level 6. HP: 22/37 MP: 6/6
  2580 | D:3      | Slain by a gnoll shaman

Illustrated notes

Levels and vault maps discovered:
D:1:      dpeg_arrival_erosion, layout_loops_ring
D:2:      layout_basic, nzn_hepliaklqana_mist_gate,
          chequers_ecumenical_altar_simple_redux, fedhas_ov_isle_minmay,
          uniq_terence
D:3:      lemuel_castle_with_subvaults [lemuel_castle_interior_carwin_3],
          layout_basic

Skill      XL: |  1  2  3  4  5 |
---------------+----------------+-----
Dodging        | 4 5 |  5.4
Long Blades    | 3 4 |  4.2
Fighting       | 3 |  3.0
Throwing       | |  2.3
Stealth        | |  0.1

Action                   |  1- 3 |  4- 6 || total
-------------------------+-------+-------++-------
Melee: Long sword        |    57 |   149 ||   206
Throw: Stone             |     8 |       ||     8
       Boomerang         |     8 |     2 ||    10
Invok: Whirlwind         |       |    51 ||    51
       Lunge             |       |     9 ||     9
  Use: Scroll            |     1 |     8 ||     9
       Potion            |     2 |     1 ||     3
Armor: Leather armour    |    14 |       ||    14
       Skin              |    12 |       ||    12
       Chain mail        |       |    83 ||    83
Dodge: Dodged            |    48 |    87 ||   135
       Rpst.: Long sword |    11 |    31 ||    42
